AoeStats
← PanChichotek

Migration

508402594Analyzed
1v1 RM · 10d ago on Sep 22, 2026· 38m 45s· 2 players
Game mode
Random Map
Map size
132×132
Population
200
Speed
Normal
Resources
Standard
Victory
Conquest
Starting age
Dark Age
Ending age
Imperial Age
RankedLock teamsTeams togetherTeam positionsShared explorationLock speedFull tech treeHidden civsTurbo modeCheats
Victory
Defeat
🇳🇱 Dravidians · Netherlands
836
+25
🇵🇱 Dravidians · Poland
789
-14
PanChichotek
14:04 Feudal Age
20:22 Castle Age
21:58 Fishing Lines
22:30 Medium Warships
23:24 Clinker Construction
31:06 Imperial Age
29:43 Double-Bit Axe
33:01 Chemistry
32:22 Ballistics
33:59 Heavy Warships
37:26 Elite Urumi Swordsman
boaziscool123
9:21 Loom
11:34 Feudal Age
14:06 Double-Bit Axe
18:44 Castle Age
22:28 Medium Warships
23:19 Bow Saw
26:46 Wheelbarrow
26:08 Town Watch
29:21 Ballistics
29:10 Siphons
29:14 Fletching
29:25 Padded Archer Armor
30:03 Town Patrol
33:55 Imperial Age
32:49 Bodkin Arrow
33:11 Forging
33:02 Scale Mail Armor
33:02 Gold Mining
33:03 Horse Collar
37:14 Elite Urumi Swordsman
Connection lost

Rejoining the realm…

Still unreachable

The connection could not be restored.

Session expired

The server has moved on; the page needs a fresh start.